 Dungeon Crawl Stone Soup version 0.29-a0-375-g5102b3be25 (webtiles) character file.

Game seed: 1743811886966921846

405 zishaf the Gusty (level 6, 0/38 HPs)
             Began as a Tengu Air Elementalist on May 3, 2022.
             Engulfed by a steam dragon's steam (10 damage)
             ... on level 4 of the Dungeon.
             The game lasted 00:05:50 (4027 turns).

zishaf the Gusty (Tengu Air Elementalist)           Turns: 4027, Time: 00:05:51

Health: 0/38       AC:  3    Str:  8    XL:     6   Next: 87%
Magic:  20/20      EV: 14    Int: 18    God:
Gold:   207        SH:  0    Dex: 14    Spells: 4/11 levels left

rFire   . . .      SeeInvis .   e - +0 dagger
rCold   . . .      Faith    .   (no shield)
rNeg    . . .      Spirit   .   a - +0 robe
rPois   .          Reflect  .   (helmet restricted)
rElec   .          Harm     .   s - +0 cloak
rCorr   .          Rampage  .   (no gloves)
Will    .....                   (boots unavailable)
Stlth   ++........              (no amulet)
HPRegen 0.12/turn               o - ring of wizardry
MPRegen 0.17/turn               t - ring of magical power

@: flying quickly and evasively, quick
A: beak, talons 3, nimble flight
a: no special abilities


You were on level 4 of the Dungeon.
You visited 1 branch of the dungeon, and saw 4 of its levels.

You collected 207 gold pieces.

Inventory:

Hand Weapons
 e - a +0 dagger (weapon)
Missiles
 i - 4 silver javelins
 j - 8 boomerangs
Armour
 a - a +0 robe (worn)
 s - a +0 cloak (worn)
Jewellery
 o - a ring of wizardry (left hand)
 t - a ring of magical power (right hand)
Scrolls
 c - 2 scrolls of immolation {unknown}
 k - 2 scrolls of poison {unknown}
 l - 4 scrolls of identify {unknown}
 m - a scroll of torment {unknown}
 p - a scroll of blinking {unknown}
 r - 2 scrolls of noise {unknown}
 u - a scroll of teleportation {unknown}
Potions
 b - a potion of magic
 d - a potion of curing {unknown}
 f - 2 potions of mutation {unknown}
 g - 3 potions of cancellation {unknown}
 h - a potion of degeneration {unknown}
 n - 2 potions of heal wounds {unknown}
 q - a potion of brilliance {unknown}
 v - a potion of attraction {unknown}


   Skills:
 + Level 3.7 Fighting
 - Level 2.1 Dodging
 - Level 2.0 Stealth
 + Level 3.1 Spellcasting
 - Level 4.0 Conjurations
 + Level 6.4 Air Magic


You had 4 spell levels left.
You knew the following spells:

 Your Spells              Type           Power      Damage    Failure   Level
a - Shock                 Conj/Air       84%        1d8       1%          1
b - Airstrike             Air            12%        N/A       4%          4
c - Static Discharge      Conj/Air       21%        N/A       1%          2

Your spell library contained the following spells:

 Spells                   Type           Power      Damage    Failure   Level
 Swiftness                Air            25%        N/A       1%          3
 Scorch                   Fire           4%         2d5       10%         2
 Frozen Ramparts          Ice            4%         1d2       19%         3
 Flame Wave               Conj/Fire      9%         2d5       26%         4
 Ice Form                 Ice/Tmut       2%         N/A       52%         4
 Summon Ice Beast         Ice/Summ       2%         N/A       52%         4
 Summon Cactus Giant      Summ           1%         N/A       100%        6


Dungeon Overview and Level Annotations

Branches:
Dungeon (4/15)
 Temple: D:4-7

Altars:
Cheibriados
Wu Jian

Annotations:
D:2 1 runed translucent door, Crazy Yiuf


Innate Abilities, Weirdness & Mutations

You have a beak for a mouth.
You have claws for feet.
Your magical nature lets you fly swiftly and evasively.


Message History

[Y]es or [N]o only, please.
The spell is quite dangerous to miscast (5% risk of failure)!
Continue anyway?
Okay, then.
Casting: Airstrike (quite dangerous; 5% risk of failure)
Confirm with . or Enter, or press ? or * to list all spells.
The ogre is struck by an arc of lightning.
You kill the ogre!
The lightning grounds out.
Your Spellcasting skill increases to level 3!
Items here: ) [ | †.
Items here: )))) ††.
A giant cockroach is nearby!
Casting: Static Discharge (safe; 1% risk of failure)
Confirm with . or Enter, or press ? or * to list all spells.
Aiming: Shock (safe; 1% risk of failure)
Press: ? - help, Shift-Dir - straight line The zap misses the giant cockroach.
The zap hits the giant cockroach.
You kill the giant cockroach!
You see here a giant cockroach corpse.
A goblin is nearby!
The goblin shouts!
You hear a shout!
You hear an angry hiss.
You closely miss the goblin. Your peck misses the goblin.
The goblin misses you.
You closely miss the goblin. Your kick misses the goblin.
The steam dragon breathes steam at you. The ball of steam hits you!
The goblin misses you.
You miss the goblin. Your kick misses the goblin.
You peck the goblin, but do no damage.
You are engulfed in a cloud of scalding steam.
* * * LOW HITPOINT WARNING * * *
The goblin hits you with a +0 dagger.
* * * LOW HITPOINT WARNING * * *
An orc comes into view. It is wielding a +0 club.
You see here a giant cockroach corpse.
Items here: )))) ††.
Items here: ) [ | †.
The steam dragon breathes steam at you. The ball of steam misses you.
You are engulfed in a cloud of scalding steam.
You die...

...##....#.......#.
..#.....#.#...#.#.
#......#.#._.#.#.
#......#.#...#.#.
#......#.......#.
#..#.#.#####.#. ###########
###.............
#.o.g..D§§###....#..#.....#.
#†########§@§...........####
#..§g..o.#######.##.....####
###§.....'..†. #.....#......
#§.##..#)... #....#######.
#.§# ..# #. #....#. ##
#......# ####... .###.
#......# #..#.#. .##..
######### ##...)###..... #..
#.D #.....#.......


There were no monsters in sight!

Vanquished Creatures
  2 ogres (D:4)
  A scorpion (D:3)
  A hound (D:4)
  A gnoll shaman (D:4)
  An adder (D:4)
  3 gnolls (D:4)
  A worm (D:4)
  3 dart slugs
  5 orcs
  5 endoplasms
  8 giant cockroaches
  2 goblins
  8 hobgoblins
  5 kobolds
  2 quokkas
  5 ball pythons
  4 bats
  3 frilled lizards
  5 rats
65 creatures vanquished.

Notes
Turn   | Place    | Note
-------+----------+-------------------------------------------
     0 | D:1      | zishaf the Tengu Air Elementalist began the quest for the
                  | Orb.
     0 | D:1      | Reached XP level 1. HP: 10/10 MP: 4/4
   107 | D:1      | Found a faded altar of an unknown god.
   300 | D:1      | Reached XP level 2. HP: 16/16 MP: 3/6
   335 | D:1      | Learned a level 2 spell: Static Discharge
   523 | D:1      | Reached skill level 1 in Fighting
  1229 | D:2      | You fall into a shaft and drop 1 floor!
  1232 | D:3      | Reached XP level 3. HP: 20/20 MP: 4/7
  1848 | D:2      | Found a runed translucent door.
  1849 | D:2      | Noticed Crazy Yiuf
  2172 | D:3      | Noticed a scorpion
  2178 | D:3      | Killed a scorpion
  2179 | D:3      | Reached skill level 5 in Air Magic
  2179 | D:3      | Reached XP level 4. HP: 26/26 MP: 1/8
  3160 | D:4      | Gained mutation: Your magical nature lets you fly swiftly
                  | and evasively. [Tengu growth]
  3160 | D:4      | Reached XP level 5. HP: 31/31 MP: 8/9
  3174 | D:4      | Learned a level 4 spell: Airstrike
  3257 | D:4      | Found a snail-covered altar of Cheibriados.
  3372 | D:4      | Noticed an ogre
  3380 | D:4      | Killed an ogre
  3620 | D:4      | Reached XP level 6. HP: 37/37 MP: 10/10
  3723 | D:4      | Found an ornate altar of the Wu Jian Council.
  3784 | D:4      | Noticed a steam dragon
  3810 | D:4      | Reached skill level 6 in Air Magic
  4027 | D:4      | Engulfed by a steam dragon's steam

Illustrated notes

Levels and vault maps discovered:
D:1:      wander_arrival_lonely_grave, layout_basic,
          hellmonk_ecumenical_altar_crossroads
D:2:      layout_loops_ring, uniq_crazy_yiuf_cottage
D:3:      layout_loops_ring
D:4:      minmay_clustersquares, layout_cave_pools,
          mainiacjoe_overflow_concentric_impassable,
          mainiacjoe_overflow_cross_hatched, minmay_temple_entry_poolview

Skill      XL: |  1  2  3  4  5  6 |
---------------+-------------------+-----
Conjurations   | 2 3 4 |  4.0
Fighting       | 1 2 3 |  3.7
Air Magic      | 5 6 |  6.4
Spellcasting   | 3 |  3.1
Dodging        | |  2.1
Stealth        | |  2.0

Action                   |  1- 3 |  4- 6 || total
-------------------------+-------+-------++-------
Melee: Dagger            |    10 |     3 ||    13
       Peck              |     3 |     1 ||     4
       Kick              |     1 |       ||     1
       Punch             |     1 |       ||     1
 Cast: Shock             |    61 |    67 ||   128
       Static Discharge  |       |     2 ||     2
Armor: Robe              |     1 |     2 ||     3
Dodge: Dodged            |     6 |    11 ||    17

Table legend: (Time is in decaauts)
 A = Elapsed time spent in this place.
 B = Non-inter-level travel time spent in this place.
 C = Inter-level travel time spent in this place.
 D = Time resting spent in this place.
 E = Time spent auto-exploring this place.
 F = Levels seen in this place.
 G = Mean time per level.
                   A        B        C        D        E       F      G
               +--------+--------+--------+--------+--------+-----+--------+
         Total |   3996 |   3911 |     85 |     79 |   3457 |   4 |  999.0 |
       Dungeon |   3996 |   3911 |     85 |     79 |   3457 |   4 |  999.0 |
               +--------+--------+--------+--------+--------+-----+--------+

Top non-repeatable levels by time:
     D:2: 1107 daAuts
     D:1: 1051 daAuts
     D:4: 945 daAuts
     D:3: 892 daAuts
